 Dungeon Crawl Stone Soup version 0.29.1-1-gd02db6906a (webtiles) character file.

Game seed: 15944057769198860163

6 Homeless the Sneak (level 1, 0/9 HPs)
             Began as a Spriggan Enchanter on Oct 13, 2022.
             Killed from afar by a dart slug (4 damage)
             ... with a slug dart
             ... on level 1 of the Dungeon.
             The game lasted 00:02:30 (321 turns).

Homeless the Sneak (Spriggan Enchanter)              Turns: 321, Time: 00:02:31

Health: 0/9        AC:  2    Str:  4    XL:     1   Next: 75%
Magic:  5/5        EV: 17    Int: 16    God:
Gold:   31         SH:  0    Dex: 15    Spells: 5/5 levels left

rFire   . . .      SeeInvis +   a - +1 dagger
rCold   . . .      Faith    .   (no shield)
rNeg    . . .      Spirit   .   b - +0 robe
rPois   .          Reflect  .   (helmet restricted)
rElec   .          Harm     .   (no cloak)
rCorr   .          Rampage  .   (gloves unavailable)
Will    +....                   (boots unavailable)
Stlth   +++.......              (no amulet)
HPRegen 0.03/turn               e - ring of willpower
MPRegen 0.09/turn               (no ring)

@: very quick
A: very small, no large weapons, unfitting armour, see invisible, speed 3,
talons 1
a: no special abilities


You were on level 1 of the Dungeon.
You visited 1 branch of the dungeon, and saw 1 of its levels.

You collected 31 gold pieces.

Inventory:

Hand Weapons
 a - a +1 dagger (weapon)
Armour
 b - a +0 robe (worn)
Jewellery
 e - a ring of willpower (left hand)
Scrolls
 d - a scroll of immolation
Potions
 c - 2 potions of invisibility


   Skills:
 * Level 1.6 Short Blades
 - Level 2.6 Dodging
 * Level 4.8 Stealth
 - Level 2.6 Spellcasting
 - Level 3.6 Hexes


You had 5 spell levels left.
You didn't know any spells.
Your spell library contained the following spells:

 Spells                   Type           Power      Damage    Failure   Level
 Confusing Touch          Hex            13%        N/A       13%         3
 Tukima's Dance           Hex            13%        N/A       13%         3
 Ensorcelled Hibernation  Hex/Ice        14%        N/A       14%         2
 Dazzling Flash           Conj/Hex       14%        N/A       28%         3


Dungeon Overview and Level Annotations

Branches:
Dungeon (1/15)

Altars:


Innate Abilities, Weirdness & Mutations

You are very small and have problems with some larger weapons.
You are too small for most types of armour.
You have supernaturally acute eyesight. (SInv)
You cover ground extremely quickly. (Speed+++)
You have sharp toenails.


Message History

A kobold comes into view. It is wielding a +0 dagger.
Found 3 stones, 11 gold pieces and a dagger.
There is an open door here.
A dart slug comes into view.
The helpless rat fails to defend itself.
You impale the rat!!
You kill the rat!
The kobold shouts!
You hear an angry hiss.
You hear a shout!
A ball python comes into view.
The dart slug launches a dart at you. The slug dart misses you.
The kobold hits you with a +0 dagger.
You barely miss the kobold. You claw the kobold.
The kobold is moderately wounded.
The kobold hits you with a +0 dagger.
A kobold comes into view. It is wielding a +0 short sword.
You barely miss the kobold.
The kobold is moderately wounded.
The kobold barely misses you.
You hit the kobold.
You kill the kobold!
There is an open door here.
You close the door.
A kobold opens the door.
You barely miss the ball python. The ball python misses you. x2
You hit the ball python.
You kill the ball python!
The kobold throws a stone.
The stone completely misses you.
You close the door, pushing everything out of the way.
A kobold opens the door.
You close the door.
A kobold opens the door.
You hit the dart slug.
You claw the dart slug, but do no damage.
The dart slug is lightly wounded.
You hit the dart slug.
You claw the dart slug, but do no damage.
The dart slug is moderately wounded.
The dart slug launches a dart at you. The slug dart hits you.
You die...

.. #....# #
..####....#################
.....+.K..+................
###...#....#......)...###.#.
#.........##..........# #.#.
#.......).##..........# #.#.
#........(##..........# #...
#.....†..>##..........# #...
#........Kw@..........# ##..
#.....$...#...........# ###
#.........##..........# #
#........$####.########
#.........# #...#
#.........# ###.#
########### ####.#######
#........#.. #........#.#


You could see a dart slug and a kobold.

Vanquished Creatures
  An endoplasm (D:1)
  A kobold (D:1)
  A ball python (D:1)
  A bat (D:1)
  3 rats (D:1)
7 creatures vanquished.

Vanquished Creatures (others)
  2 plants (D:1)
2 creatures vanquished.

Grand Total: 9 creatures vanquished

Notes
Turn   | Place    | Note
-------+----------+-------------------------------------------
     0 | D:1      | Homeless the Spriggan Enchanter began the quest for the
                  | Orb.
     0 | D:1      | Reached XP level 1. HP: 9/9 MP: 5/5
    85 | D:1      | Found a faded altar of an unknown god.
   159 | D:1      | Gained mutation: You have sharp toenails. [potion of
                  | mutation]
   321 | D:1      | Killed from afar by a dart slug

Illustrated notes

Levels and vault maps discovered:
D:1:      psy_arrival_spokes, layout_basic, dreamdust_ecumenical_altar_grove

Action                   || total
-------------------------++-------
Melee: Dagger            ||    18
       Kick              ||     3
  Use: Potion            ||     3
       Scroll            ||     1
 Stab: Sleeping          ||     2
Armor: Robe              ||     2
Dodge: Dodged            ||     8
